 Dungeon Crawl Stone Soup version 0.31.0-32-g396128a36d (webtiles) character file.

Game seed: 9397527293534960743

4802 Gabide the Skirmisher (level 10, 0/80 HPs)
             Began as a Human Hunter on Apr 22, 2024.
             Engulfed by a cloud of flame (19 damage)
             ... in a bailey.
             The game lasted 00:21:50 (8345 turns).

Gabide the Skirmisher (Human Hunter)                Turns: 8345, Time: 00:21:51

Health: 0/80       AC:  7    Str: 11    XL:     10   Next: 48%
Magic:  10/10      EV: 21    Int: 11    God:
Gold:   247        SH:  0    Dex: 20    Spells: 9/9 levels left

rFire   . . .        b - +3 sling
rCold   . . .        (no shield)
rNeg    . . .        k - +0 steam dragon scales
rPois   .            (no helmet)
rElec   .            (no cloak)
rCorr   .            l - +0 pair of gloves
SInv    .            u - +0 pair of boots
Will    +....        (no amulet)
Stlth   ++           o - +5 ring of evasion
HPRegen 0.33/turn    f - ring of willpower
MPRegen 0.12/turn

%: no passive effects
@: no status effects
A: explore regen
a: no special abilities


You were in a bailey.
You visited 2 branches of the dungeon, and saw 9 of its levels.
You also visited: Bailey.

You collected 410 gold pieces.
You spent 163 gold pieces at shops.

Inventory:

Hand Weapons
 a - a +0 shortbow
 b - a +3 sling (weapon)
Armour
 k - +0 steam dragon scales (worn)
 l - a +0 pair of gloves (worn)
 u - a +0 pair of boots (worn)
Jewellery
 f - a ring of willpower (right hand)
 g - a ring of flight
 o - a +5 ring of evasion (left hand)
 r - a ring of willpower
Scrolls
 c - a scroll of teleportation
 d - a scroll of fog
Potions
 e - a potion of cancellation
 h - a potion of mutation
 i - 3 potions of enlightenment
 j - a potion of ambrosia {unknown}
 m - a potion of brilliance {unknown}
 p - a potion of heal wounds
 s - a potion of attraction {unknown}
 w - 2 potions of curing


   Skills:
 + Level 8.2 Fighting
 * Level 12.2 Ranged Weapons
 - Level 6.0 Dodging
 - Level 1.0 Stealth


You had 9 spell levels left.
You didn't know any spells.
Your spell library contained the following spells:

 Spells                   Type           Power      Damage    Failure   Level
 Slow                     Hex            0%         N/A       34%         1
 Confusing Touch          Hex            0%         N/A       71%         3
 Dazzling Flash           Conj/Hex       0%         N/A       71%         3
 Sigil of Binding         Hex            0%         N/A       71%         3
 Stone Arrow              Conj/Erth      0%         3d7       71%         3
 Tukima's Dance           Hex            0%         N/A       71%         3
 Vampiric Draining        Necr           0%         2d6       71%         3
 Volatile Blastmotes      Fire/Tloc      0%         2d10      71%         3
 Animate Armour           Summ/Erth      0%         N/A       98%         4
 Dimensional Bullseye     Hex/Tloc       0%         N/A       98%         4
 Iskenderun's Mystic Bla  Conj/Tloc      0%         2d3       98%         4
 Starburst                Conj/Fire      0%         6d3       100%        6
 Lehudib's Crystal Spear  Conj/Erth      0%         10d2      100%        8
 Maxwell's Capacitive Co  Air            0%         ∞         100%        8


Dungeon Overview and Level Annotations

Branches:
Dungeon (8/15)             Temple (1/1) D:6          Bailey (1/1)
   Lair: D:8-11

Altars:
Ashenzari
Cheibriados
Dithmenos
Elyvilon
Fedhas
Gozag
Kikubaaqudgha
Makhleb
Okawaru
Ru
Sif Muna
Trog
Uskayaw
Wu Jian
Xom
Yredelemnul
Zin
The Shining One

Shops:
D:4 =!*

Annotations:
D:3 Natasha, Sigmund


Innate Abilities, Weirdness & Mutations

You regain HP and MP as you explore.


Message History

Fire: b) +3 sling
Press: ? - help, Q - select action Shift-Dir - straight line, f/p - vault guard
Aim: a vault guard, wielding a +0 broad axe and wearing a +0 plate armour (heavily wounded, inner flame, 72% to hit)
You shoot a sling bullet.
The sling bullet hits the vault guard but does no damage.
The vault guard is heavily wounded.
Fire: b) +3 sling
Press: ? - help, Q - select action Shift-Dir - straight line, f/p - vault guard
Aim: a vault guard, wielding a +0 broad axe and wearing a +0 plate armour (heavily wounded, inner flame, 72% to hit)
You shoot a sling bullet. The sling bullet hits the vault guard!
Flame seeps out of the vault guard.
The vault guard is severely wounded.
Fire: b) +3 sling
Press: ? - help, Q - select action Shift-Dir - straight line, f/p - vault guard
Aim: a vault guard, wielding a +0 broad axe and wearing a +0 plate armour (flame, severely wounded, inner flame, 72% to hit)
You shoot a sling bullet. The sling bullet hits the vault guard.
Flame seeps out of the vault guard.
The vault guard is severely wounded.
The vault guard is engulfed in blazing flames.
Flame seeps out of the vault guard.
The vault guard hits you with a +0 broad axe!
Fire: b) +3 sling
Press: ? - help, Q - select action Shift-Dir - straight line, f/p - vault guard
Aim: a vault guard, wielding a +0 broad axe and wearing a +0 plate armour (flame, almost dead, inner flame, 72% to hit)
You shoot a sling bullet.
The sling bullet hits the vault guard but does no damage.
The vault guard is almost dead.
The vault guard is engulfed in blazing flames.
Flame seeps out of the vault guard.
The vault guard hits you with a +0 broad axe!
Unknown command.
Fire: b) +3 sling
Press: ? - help, Q - select action Shift-Dir - straight line, f/p - vault guard
Aim: a vault guard, wielding a +0 broad axe and wearing a +0 plate armour (flame, almost dead, inner flame, 72% to hit)
You shoot a sling bullet. The sling bullet hits the vault guard!
The vault guard explodes!
The fiery explosion engulfs you!!
* * * LOW HITPOINT WARNING * * *
You are engulfed in blazing flames.
You die...

##...##~~~##
##....#~~~~~#
##.....'~~~~~#####
#......#~~~~##...##
###....##~~~)..∩..#
###..######..)..#
##'#..).)..)..# ~
#..§§§)##.).## ~~
#..@°§..#####
.~≈#######...#
.~~≈≈ #.)##..#
......#..#...#
~~~~..$(.#p..#
≈≈≈≈~~#÷)...##
####≈ #....## #
######


There were no monsters in sight!

Vanquished Creatures
  A vault guard (Bailey)
  Pikel (D:5)
  Maggie (D:6)
  A hornet (D:7)
  Prince Ribbit (Bailey)
  5 humans (Bailey)
  A steam dragon (D:7)
  Edmund (D:5)
  3 ice beasts
  An orc warrior (D:8)
  2 sky beasts (D:7)
  A centaur (D:7)
  An ogre (D:5)
  A lemure (D:4)
  10 bullfrogs
  A kobold brigand (D:8)
  2 scorpions
  3 wights (D:7)
  A howler monkey (D:7)
  4 hounds
  5 jellies
  3 bombardier beetles
  2 orc priests
  An iguana (D:5)
  2 sleepcaps
  Ijyb (D:5)
  Natasha (D:3)
  4 orc wizards
  Robin (D:3)
  9 gnolls
  8 adders
  2 shadow imps
  A white imp (D:5)
  2 ufetubi (D:5)
  2 dart slugs
  2 ribbon worms (D:3)
  15 orcs
  9 bats
  5 endoplasms
  2 giant cockroaches (D:2)
  18 goblins
  10 hobgoblins
  8 jackals (D:1)
  4 quokkas
  8 ball pythons
  3 frilled lizards
  9 kobolds
  2 rats (D:1)
181 creatures vanquished.

Notes
Turn   | Place    | Note
-------+----------+-------------------------------------------
     0 | D:1      | Gabide the Human Hunter began the quest for the Orb.
     0 | D:1      | Reached XP level 1. HP: 16/16 MP: 1/1
    35 | D:1      | Reached XP level 2. HP: 22/22 MP: 2/2
   240 | D:1      | Reached XP level 3. HP: 16/28 MP: 3/3
   439 | D:1      | Found a faded altar of an unknown god.
  1324 | D:2      | Reached XP level 4. HP: 34/34 MP: 4/4
  1561 | D:3      | Noticed Robin
  1666 | D:3      | Noticed Sigmund
  1856 | D:2      | Reached skill level 5 in Ranged Weapons
  2088 | D:3      | Reached XP level 5. HP: 21/41 MP: 5/5
  2201 | D:3      | Noticed Natasha
  2230 | D:3      | Killed Natasha
  2242 | D:3      | Killed Robin
  2358 | D:3      | Noticed Natasha
  2539 | D:3      | Found a glowing silver altar of Zin.
  2539 | D:3      | Found a burning altar of Makhleb.
  2540 | D:3      | Noticed a balrug
  2540 | D:3      | Noticed an angel
  2670 | D:3      | Reached skill level 6 in Ranged Weapons
  3042 | D:4      | Found Lainlun's Jewellery Shoppe.
  3084 | D:4      | Reached XP level 6. HP: 47/47 MP: 6/6
  3131 | D:4      | Found a shimmering blue altar of Sif Muna.
  3281 | D:4      | Found Bedotes's Assorted Antiques.
  3288 | D:4      | Bought a potion of curing for 54 gold pieces
  3288 | D:4      | Bought a scroll of identify for 36 gold pieces
  3288 | D:4      | Bought a puce potion for 16 gold pieces
  3288 | D:4      | Bought a scroll labelled IMOERR GOSHROK for 18 gold pieces
  3418 | D:4      | Found an iron altar of Okawaru.
  3427 | D:4      | Identified the +3 spear of the Riding Rat {antimagic, rF++}
  3467 | D:4      | Found Goceluw Toru's Distillery.
  3476 | D:4      | Bought a potion of curing for 39 gold pieces
  3541 | D:5      | Entered Level 5 of the Dungeon
  3887 | D:5      | Noticed Ijyb
  3933 | D:5      | Reached XP level 7. HP: 37/53 MP: 7/7
  4000 | D:5      | Paralysed by Ijyb for 3 turns
  4007 | D:5      | Killed Ijyb
  4052 | D:5      | Reached skill level 7 in Ranged Weapons
  4480 | D:5      | Noticed Edmund
  4508 | D:5      | Killed Edmund
  4799 | D:5      | Noticed Pikel
  4803 | D:5      | Reached XP level 8. HP: 61/61 MP: 8/8
  4825 | D:5      | HP: 3/61 [Pikel/+2 whip of freezing (3)]
  4827 | D:5      | Killed Pikel
  4828 | D:5      | Reached skill level 5 in Fighting
  4828 | D:5      | Reached skill level 8 in Ranged Weapons
  4828 | D:5      | Reached skill level 5 in Dodging
  5449 | D:6      | Found a white marble altar of Elyvilon.
  5509 | D:6      | Noticed Maggie
  5522 | D:6      | Killed Maggie
  5523 | D:6      | Reached skill level 9 in Ranged Weapons
  5523 | D:6      | Reached XP level 9. HP: 69/69 MP: 9/9
  5634 | D:6      | Found a glowing golden altar of the Shining One.
  5681 | D:6      | Found a staircase to the Ecumenical Temple.
  5701 | Temple   | Entered the Ecumenical Temple
  5931 | D:6      | Found a broken altar of Ashenzari.
  6169 | D:7      | Found an ornate altar of the Wu Jian Council.
  6367 | D:7      | Reached skill level 10 in Ranged Weapons
  6417 | D:7      | Noticed a hornet
  6426 | D:7      | Killed a hornet
  6535 | D:7      | Found an opulent altar of Gozag.
  6686 | D:7      | Found a hide-covered altar of Uskayaw.
  7029 | D:7      | Found a shadowy altar of Dithmenos.
  7276 | D:8      | Reached skill level 11 in Ranged Weapons
  7290 | D:8      | Found a flagged portal.
  7320 | D:8      | Reached XP level 10. HP: 79/79 MP: 10/10
  7394 | Bailey   | Entered a bailey
  7999 | Bailey   | Reached skill level 12 in Ranged Weapons
  8011 | Bailey   | Noticed Prince Ribbit
  8035 | Bailey   | Killed Prince Ribbit
  8317 | Bailey   | Noticed a vault guard
  8345 | Bailey   | Killed a vault guard
  8345 | Bailey   | Engulfed by a cloud of flame

Illustrated notes

Levels and vault maps discovered:
D:1:      scummos_arrival_forest, layout_basic,
          shapermc_ecumenical_altar_acropolis
D:2:      layout_loops_ring, kennysheep_generic_room_11
D:3:      layout_loops_ring, grunt_temple_overflow_order_and_chaos_2,
          uniq_robin, uniq_sigmund, uniq_natasha
D:4:      layout_cave_pools, okawaru_ov_weapons_minmay,
          nicolae_sif_muna_condensation, serial_shops,
          nicolae_shop_competitors_out_of_business, nicolae_shop_rolling_square,
          nicolae_square_shop
D:5:      nicolae_cairo_tiling_large_dashed, layout_loops_ring, serial_bayou,
          serial_bayou_pond_d, serial_bayou_lagoon_a, serial_bayou_pond_b,
          serial_bayou_pond_c, hex_medium, uniq_ijyb, uniq_edmund, uniq_pikel
D:6:      layout_loops_cross, kennysheep_mini_moat, tso_oasis_becter,
          nicolae_elyvilon_temple_path, minmay_temple_entry_wispy, uniq_maggie
D:7:      layout_gridville, nicolae_wu_jian_wuxing_cycle, grunt_gozag_statues,
          eat_drink_and_be_merry_uskayaw, grunt_dithmenos_smoke, serial_glass,
          glass_columns_c, glass_columns_a, glass_columns_a, glass_columns_a,
          serial_library_hellmonk_small_alcove
D:8:      layout_gridville, nemelex_xobeh_ov_fountains_minmay, enter_bailey_5,
          uniq_psyche
Temple:   hellmonk_temple_of_storms
Bailey:   bailey_axe_froggy_fort_hellmonk, bailey

Skill      XL: |  1  2  3  4  5  6  7  8  9 10 |
---------------+-------------------------------+-----
Ranged Weapons | 5 6 7 9 11 12 | 12.2
Fighting       | 3 4 5 7 8 |  8.2
Dodging        | 3 4 5 6 |  6.0
Stealth        | |  1.0

Action                     |  1- 3 |  4- 6 |  7- 9 | 10-12 || total
---------------------------+-------+-------+-------+-------++-------
   Fire: Shortbow          |    99 |   161 |       |       ||   260
         Sling             |       |    71 |   365 |   196 ||   632
  Throw: Throwing net      |       |       |       |     1 ||     1
  Evoke: Wand              |       |       |     8 |    21 ||    29
    Use: Scroll            |     4 |     9 |     4 |     2 ||    19
         Potion            |       |     3 |     6 |     1 ||    10
 Armour: Leather armour    |    24 |   111 |    47 |       ||   182
         Steam dragon scal |       |       |    36 |    63 ||    99
  Dodge: Dodged            |    39 |    89 |   150 |   143 ||   421
